cohdb
Replays
Latest Replays
All Replays
Popular Replays
Top Player Replays
Match Explorer
How It Works
Community
CoH3 Stats
Reddit
Sign in to upload your games and track your stats! →
Sign in with Steam
10 minute Sherman rollout, anyway to get it out faster?
Match 26385700
Overview
Messages
Build Orders
End
Vickers Machine Gun Team
Construct Section Command Post
ML 3-inch Mortar Team
Infantry Section
Infantry Section
Construct Platoon Command Post
Selects Air and Sea Battlegroup
Selects Commando Section Paradrop
CMP 15cwt Truck
Selects M1 Pack Howitzer Paradrop
M1 Pack Howitzer Paradrop
6-pounder Anti-tank Gun Team
Construct Company Command Post
Selects Supply Surplus
Matilda II Heavy Tank
Armored Vehicle Training
Rolling9Deep
Society is a Lie
YangXYZ
Farlion
Pob
xbubalo
0
0
Comments
sign in to comment!
No comments posted yet!